[Event "International chess holiday M21"]
[Site "Praha"]
[Date "2013.07.23"]
[Round "4"]
[White "Gregor, Jiøí"]
[Black "Herejk, Petr"]
[Result "1-0"]
[ECO "D45"]
[WhiteElo "2277"]
[BlackElo "2205"]
[Annotator "Koller,Martin"]
[PlyCount "106"]
[TimeControl "240+2"]

1. d4 d5 2. c4 c6 3. Nc3 Nf6 4. Nf3 e6 5. e3 Nbd7 6. Qc2 Bd6 7. b3 O-O
8. Bd3 dxc4 9. bxc4 e5 10. O-O Re8 11. Rd1 Qe7 12. Nd2 Nf8 13. Nf1 exd4 14.
exd4 Bg4 15. f3 Bh5 16. Bg5 h6 17. Bh4 g5 18. Bf2 Bg6 19. Re1 Qd7 20. Ne4 Nxe4
21. Bxe4 Bxe4 22. fxe4 Ne6 23. c5 Bf8 24. Rad1 Bg7 25. Ng3 Rad8 26. Nf5 Nf4 27.
Bg3 Ng6 28. Bd6 Kh7 29. g3 Bf8 30. Rb1 Ne7 31. Bxe7 Bxe7 32. Qb3 Bf6 33. Rbd1
Bg7 34. Nd6 Re7 35. e5 Rf8 36. Qc2+ Kg8 37. Rb1 Qg4 38. Re4 Qf3 39. Rb3 Qh5 40.
Nxb7 f5 41. Re1 f4 42. Nd6 f3 43. Qf2 g4 44. h4 gxh3 45. Kh2 Qg4 46. Re4 Qg6
47. Rxf3 Rb8 48. Kxh3 Rb1 49. Kg2 Qg5 50. Rff4 Qh5 51. Rh4 Qg6 52. Ref4 Rc1 53.
Re4 Kh7 1-0

[Event "International chess holiday M21"]
[Site "Praha"]
[Date "2013.07.23"]
[Round "5"]
[White "Michálek, František"]
[Black "Janáèek, Jaroslav"]
[Result "1/2-1/2"]
[ECO "B33"]
[WhiteElo "2063"]
[BlackElo "2042"]
[Annotator "Koller,Martin"]
[PlyCount "61"]
[TimeControl "240+2"]

1. e4 c5 2. Nf3 Nc6 3. Nc3 Nf6 4. d4 cxd4 5. Nxd4 e5 6. Ndb5 d6 7. Bg5
a6 8. Na3 b5 9. Nd5 Be7 10. Bxf6 Bxf6 11. Nxf6+ Qxf6 12. c3 O-O 13. Nc2 Qg6 14.
f3 Bb7 15. Ne3 Ne7 16. Bd3 d5 17. exd5 Qb6 18. Qe2 Nxd5 19. Nxd5 Bxd5 20. Qf2
Rab8 21. O-O Rfd8 22. Rfd1 Kf8 23. Qxb6 Rxb6 24. Be2 Ke7 25. Kf2 f5 26. Ke1 e4
27. fxe4 Bxe4 28. Rxd8 Kxd8 29. Kf2 Ke7 30. Bf3 Bxf3 31. Kxf3 1/2-1/2

[Event "International chess holiday M21"]
[Site "Praha"]
[Date "2013.07.23"]
[Round "5"]
[White "Knoflíèek, Ctibor"]
[Black "Nilsson, Patrik"]
[Result "1/2-1/2"]
[ECO "A87"]
[WhiteElo "2170"]
[BlackElo "2075"]
[Annotator "Koller,Martin"]
[PlyCount "45"]
[TimeControl "240+2"]

1. Nf3 f5 2. c4 Nf6 3. g3 g6 4. Bg2 Bg7 5. O-O O-O 6. d4 d6 7. b3 Qe8
8. Bb2 c6 9. Qc2 Na6 10. Nbd2 h6 11. Bc3 Qf7 12. e4 fxe4 13. Nxe4 Nxe4 14. Qxe4
Bf5 15. Qe3 g5 16. Rae1 Rae8 17. h4 g4 18. Nd2 Qg6 19. d5 c5 20. Be4 Bxe4 21.
Qxe4 Qxe4 22. Nxe4 Bxc3 23. Nxc3 1/2-1/2

[Event "International chess holiday M21"]
[Site "Praha"]
[Date "2013.07.23"]
[Round "5"]
[White "Dalling, Peter"]
[Black "Gregor, Jiøí"]
[Result "0-1"]
[ECO "B28"]
[WhiteElo "1941"]
[BlackElo "2276"]
[Annotator "Koller,Martin"]
[PlyCount "86"]
[TimeControl "240+2"]

1. e4 c5 2. Nf3 a6 3. d4 cxd4 4. c3 d5 5. e5 dxc3 6. Nxc3 e6 7. Bd3 Ne7
8. O-O Nbc6 9. Qe2 Ng6 10. Re1 Be7 11. Bd2 O-O 12. Rad1 Bd7 13. a4 Rc8 14. Bb1
Qc7 15. Rc1 Qb8 16. Qd3 Rfd8 17. h4 Nb4 18. Qe2 b5 19. Bg5 Nc6 20. Bxe7 Ncxe7
21. Ng5 h6 22. Nf3 b4 23. Na2 Qb6 24. b3 a5 25. Qd3 Nf5 26. g4 Ng3 27. h5 Ne4
28. Qf1 Ne7 29. Qg2 Bc6 30. Qf1 Bb7 31. Re3 f5 32. Qh3 Nxf2 33. Kxf2 Rxc1 34.
Nxc1 f4 35. Ne1 fxe3+ 36. Qxe3 Rf8+ 37. Ke2 d4 38. Qg3 Nd5 39. Kd2 Qc7 40. Ne2
Ne3 41. Qh3 Bd5 42. Nc2 Rf2 43. Ncxd4 Qc3# 0-1

[Event "International chess holiday M21"]
[Site "Praha"]
[Date "2013.07.23"]
[Round "5"]
[White "Heissenberger, Andreas"]
[Black "Bílek, Roman"]
[Result "1-0"]
[ECO "C47"]
[WhiteElo "2021"]
[BlackElo "1958"]
[Annotator "Koller,Martin"]
[PlyCount "66"]
[TimeControl "240+2"]

1. e4 Nf6 2. Nc3 e5 3. Nf3 Nc6 4. d4 exd4 5. Nxd4 Bb4 6. Nxc6 bxc6 7.
Bd3 d5 8. exd5 cxd5 9. O-O O-O 10. Bg5 c6 11. Qf3 h6 12. Bxf6 Qxf6 13. Qxf6
gxf6 14. Ne2 Bd7 15. c3 Bd6 16. Ng3 Rab8 17. b3 Rfe8 18. Rfd1 Re5 19. c4 Rg5
20. h4 Rg4 21. Bf5 Bxf5 22. Nxf5 Bf8 23. cxd5 cxd5 24. Rxd5 Kh7 25. g3 Re4 26.
Rad1 h5 27. Nd6 Bxd6 28. Rxd6 Kg7 29. Ra6 Rb7 30. Rdd6 f5 31. Rd5 f4 32. gxf4
Rxf4 33. Rxh5 Rd7 1-0

[Event "International chess holiday M21"]
[Site "Praha"]
[Date "2013.07.23"]
[Round "5"]
[White "Herejk, Petr"]
[Black "Nilsson, Anders"]
[Result "1-0"]
[ECO "C04"]
[WhiteElo "2205"]
[BlackElo "2192"]
[Annotator "Koller,Martin"]
[PlyCount "105"]
[TimeControl "240+2"]

1. e4 e6 2. d4 d5 3. Nd2 Nc6 4. Ngf3 Nf6 5. e5 Nd7 6. Bb5 f6 7. exf6
Qxf6 8. Nb3 Bd6 9. O-O O-O 10. Bg5 Qf7 11. Bh4 e5 12. Bg3 e4 13. Nfd2 Nf6 14.
Rc1 Qg6 15. Re1 Ng4 16. Re2 Nxh2 17. Bxh2 Bxh2+ 18. Kxh2 Rf5 19. Nf1 Rh5+ 20.
Kg1 Qh6 21. Ng3 Rh2 22. Qd2 Qh4 23. Bxc6 bxc6 24. Qe3 Bg4 25. Nd2 Rf8 26. Ree1
Kh8 27. Ndxe4 Bf3 28. Qxf3 Rxf3 29. Ng5 Rf8 30. Nf3 Rxg2+ 31. Kxg2 Qg4 32. Re3
h6 33. Rh1 Qg6 34. c3 Qf6 35. Rh5 Qf4 36. Rh4 Qf6 37. Rh5 Qg6 38. Rhe5 Rb8 39.
b4 Rf8 40. Re6 Qc2 41. Rxc6 Qxa2 42. Rxc7 Qa1 43. Nh5 Qb1 44. Ne5 Qf5 45. Rf3
Qg5+ 46. Ng3 Rxf3 47. Kxf3 Qf6+ 48. Kg2 h5 49. Nxh5 Qg5+ 50. Ng3 Kh7 51. Rxa7
Qf4 52. Rxg7+ Kh6 53. Nf7+ 1-0

[Event "International chess holiday M21"]
[Site "Praha"]
[Date "2013.07.24"]
[Round "6"]
[White "Nilsson, Patrik"]
[Black "Michálek , František"]
[Result "1-0"]
[ECO "B04"]
[WhiteElo "2075"]
[BlackElo "2063"]
[Annotator "Koller,Martin"]
[PlyCount "47"]
[TimeControl "240+2"]

1. e4 Nf6 2. e5 Nd5 3. Nf3 d6 4. exd6 cxd6 5. d4 g6 6. c4 Nb6 7. b3 Bg7
8. Bb2 O-O 9. Be2 Nc6 10. O-O d5 11. c5 Nd7 12. Nc3 b6 13. cxb6 Nxb6 14. h3 Bb7
15. Qd2 Rc8 16. Nd1 Qd6 17. a4 a5 18. Nc3 Nb4 19. Ba3 Qb8 20. Bxb4 axb4 21. Nb5
Rc6 22. Qxb4 Rfc8 23. Bd3 Bf8 24. Ne5 1-0

[Event "International chess holiday M21"]
[Site "Praha"]
[Date "2013.07.24"]
[Round "6"]
[White "Janáèek, Jaroslav"]
[Black "Herejk, Petr"]
[Result "0-1"]
[ECO "B22"]
[WhiteElo "2042"]
[BlackElo "2213"]
[Annotator "Koller,Martin"]
[PlyCount "58"]
[TimeControl "240+2"]

1. e4 c5 2. c3 d5 3. exd5 Qxd5 4. d4 Nc6 5. Nf3 Bg4 6. dxc5 Qxd1+ 7.
Kxd1 O-O-O+ 8. Nbd2 e5 9. b4 e4 10. h3 Bh5 11. g4 Bg6 12. Nh4 Nf6 13. Nxg6 hxg6
14. Bg2 Nd5 15. Kc2 f5 16. Nc4 Be7 17. Bd2 b5 18. cxb6 axb6 19. b5 Na5 20. Ne5
Bf6 21. Nxg6 Nc4 22. g5 Nb4+ 23. cxb4 Rxd2+ 24. Kb3 Rhd8 25. Ne7+ Kb7 26. Bf1
Rb2+ 27. Kxc4 Rd4+ 28. Kc3 Rd3+ 29. Kc4 Rc2# 0-1

[Event "International chess holiday M21"]
[Site "Praha"]
[Date "2013.07.24"]
[Round "6"]
[White "Dalling, Peter"]
[Black "Heissenberger, Andreas"]
[Result "1/2-1/2"]
[ECO "B40"]
[WhiteElo "1941"]
[BlackElo "2021"]
[Annotator "Koller,Martin"]
[PlyCount "72"]
[TimeControl "240+2"]

1. e4 c5 2. Nf3 d6 3. d4 cxd4 4. c3 d3 5. Bxd3 e6 6. O-O Qc7 7. Qe2 a6
8. h3 Nd7 9. Bc2 Ngf6 10. Rd1 Be7 11. Nbd2 O-O 12. Nf1 b6 13. Ng3 Bb7 14. Bf4
Rfd8 15. Ng5 h6 16. Nf3 Ne5 17. Nd2 Rac8 18. Bb3 Ng6 19. Be3 d5 20. exd5 Nxd5
21. Bxd5 Rxd5 22. Nf3 Rcd8 23. Rxd5 Rxd5 24. Rd1 b5 25. Rxd5 Bxd5 26. a3 Nf4
27. Bxf4 Qxf4 28. Qd2 Qf6 29. Nh5 Qg6 30. Nf4 Qb1+ 31. Ne1 Bg5 32. g3 Bxf4 33.
gxf4 Qg6+ 34. Kh2 Qe4 35. f3 Qc4 36. Kg2 Qc6 1/2-1/2

[Event "International chess holiday M21"]
[Site "Praha"]
[Date "2013.07.24"]
[Round "6"]
[White "Bílek, Roman"]
[Black "Knoflíèek, Ctibor"]
[Result "0-1"]
[ECO "B20"]
[WhiteElo "1958"]
[BlackElo "2170"]
[Annotator "Koller,Martin"]
[PlyCount "62"]
[TimeControl "240+2"]

1. e4 c5 2. b3 d5 3. exd5 Qxd5 4. Nc3 Qd8 5. Bb2 Nf6 6. Nf3 Nc6 7. Bb5
Bd7 8. O-O e6 9. d4 a6 10. Bxc6 Bxc6 11. Ne5 cxd4 12. Nxc6 bxc6 13. Na4 c5 14.
Qe2 Bd6 15. Rfd1 O-O 16. c3 e5 17. cxd4 exd4 18. Rac1 Re8 19. Qf3 Rc8 20. g3
Qd7 21. Nb6 Qc6 22. Qxc6 Rxc6 23. Nc4 Bf8 24. Kf1 Rce6 25. Re1 Ne4 26. f3 Ng5
27. Rxe6 Nxe6 28. Re1 f6 29. Kf2 Kf7 30. f4 g6 31. Kf3 Ng5+ 0-1

[Event "International chess holiday M21"]
[Site "Praha"]
[Date "2013.07.24"]
[Round "6"]
[White "Gregor, Jiøí"]
[Black "Nilsson, Anders"]
[Result "0-1"]
[ECO "E33"]
[WhiteElo "2276"]
[BlackElo "2192"]
[Annotator "Koller,Martin"]
[PlyCount "90"]
[TimeControl "240+2"]

1. d4 Nf6 2. c4 Nc6 3. Nf3 e6 4. Nc3 Bb4 5. Qc2 d6 6. Bd2 Qe7 7. a3
Bxc3 8. Bxc3 a5 9. e3 a4 10. Be2 e5 11. h3 O-O 12. g4 Re8 13. g5 Nd7 14. d5
Ncb8 15. e4 Nc5 16. O-O-O Nba6 17. Rdg1 Nb3+ 18. Kb1 Nac5 19. h4 Rf8 20. h5 Bd7
21. Nh4 f6 22. gxf6 Qxf6 23. f3 Rab8 24. Rg3 Qf4 25. Rgg1 Rf7 26. Ng2 Qh6 27.
f4 Nxe4 28. fxe5 dxe5 29. Nh4 Qe3 30. Bd3 Nxc3+ 31. Qxc3 e4 32. Bc2 Nd2+ 33.
Kc1 Qxc3 34. bxc3 e3 35. Bd3 Rbf8 36. Re1 Nb3+ 37. Kb1 Rf2 38. Rxe3 Rd2 39. Nf3
Rg2 40. Nd4 Rff2 41. Nc2 Nc5 42. Nd4 Rb2+ 43. Kc1 Ra2 44. Bb1 Nb3+ 45. Kd1 Ra1
0-1

[Event "International chess holiday M21"]
[Site "Praha"]
[Date "2013.07.25"]
[Round "7"]
[White "Knoflíèek, Ctibor"]
[Black "Dalling, Peter"]
[Result "1-0"]
[ECO "E11"]
[WhiteElo "2170"]
[BlackElo "1941"]
[Annotator "Koller,Martin"]
[PlyCount "43"]
[TimeControl "240+2"]

1. Nf3 d5 2. d4 Nf6 3. c4 e6 4. g3 Bb4+ 5. Bd2 Bxd2+ 6. Nbxd2 O-O 7.
Bg2 b6 8. O-O Bb7 9. Qc2 Nbd7 10. Rfd1 Qe7 11. cxd5 Bxd5 12. e4 Bb7 13. Qxc7
Bxe4 14. Nxe4 Nxe4 15. Ne5 Nef6 16. Bxa8 Rxa8 17. Nxd7 Qxd7 18. Qxd7 Nxd7 19.
d5 exd5 20. Rxd5 Nf6 21. Rd4 h6 22. Rad1 1-0

[Event "International chess holiday M21"]
[Site "Praha"]
[Date "2013.07.25"]
[Round "7"]
[White "Herejk, Petr"]
[Black "Nilsson, Patrik"]
[Result "1-0"]
[ECO "C56"]
[WhiteElo "2213"]
[BlackElo "2075"]
[Annotator "Koller,Martin"]
[PlyCount "35"]
[TimeControl "240+2"]

1. e4 e5 2. d4 exd4 3. Bc4 Nc6 4. Nf3 Nf6 5. O-O Nxe4 6. Re1 d5 7. Bxd5
Qxd5 8. Nc3 Qh5 9. Nxe4 Be6 10. Bg5 Be7 11. Bxe7 Kxe7 12. Neg5 Rad8 13. Nxe6
fxe6 14. Rxe6+ Kf8 15. Qd2 Qf5 16. Rae1 Rg8 17. Qe2 g6 18. Rxc6 1-0

[Event "International chess holiday M21"]
[Site "Praha"]
[Date "2013.07.25"]
[Round "7"]
[White "Heissenberger, Andreas"]
[Black "Gregor, Jiøí"]
[Result "0-1"]
[ECO "B11"]
[WhiteElo "2021"]
[BlackElo "2276"]
[Annotator "Koller,Martin"]
[PlyCount "62"]
[TimeControl "240+2"]

1. e4 c6 2. Nf3 d5 3. Nc3 Bg4 4. h3 Bxf3 5. Qxf3 e6 6. a3 Nd7 7. d3 Bd6
8. exd5 cxd5 9. Bf4 Bxf4 10. Qxf4 a6 11. g3 Rc8 12. Bg2 Ne7 13. Qd2 b5 14. O-O
O-O 15. Ne2 Qb6 16. Rfc1 Nf6 17. Qe3 Qd6 18. d4 Nf5 19. Qd2 Qb6 20. b4 Rc4 21.
c3 Rfc8 22. Kh2 Qc7 23. a4 h5 24. axb5 axb5 25. h4 Nxh4 26. Kg1 Nxg2 27. Kxg2
Ne4 28. Qd1 Nxc3 29. Nxc3 Rxc3 30. Rxc3 Qxc3 31. Ra2 g6 0-1

[Event "International chess holiday M21"]
[Site "Praha"]
[Date "2013.07.25"]
[Round "7"]
[White "Michálek, František"]
[Black "Bílek, Roman"]
[Result "1-0"]
[ECO "C68"]
[WhiteElo "2063"]
[BlackElo "1958"]
[Annotator "Koller,Martin"]
[PlyCount "111"]
[TimeControl "240+2"]

1. e4 e5 2. Nf3 Nc6 3. Bb5 a6 4. Bxc6 dxc6 5. Nc3 f6
6. d4 exd4 7. Qxd4 Qxd4 8. Nxd4 Bd6 9. Be3 Ne7 10. O-O-O Bg4 11. f3 Bd7 12. Nb3
b6 13. Ne2 c5 14. Bf4 Bxf4+ 15. Nxf4 O-O-O 16. Rhe1 Nc6 17. Nd2 Rhe8 18. Nf1
Nd4 19. Ng3 Ne6 20. Nxe6 Rxe6 21. Rd5 Be8 22. Rxd8+ Kxd8 23. Rd1+ Kc8 24. Nf5
g6 25. Ng7 Re7 26. Nxe8 Rxe8 27. Kd2 Rd8+ 28. Ke2 Rxd1 29. Kxd1 Kd7 30. Ke2 b5
31. c4 b4 32. f4 a5 33. Kf3 Kd6 34. h4 h6 35. b3 Ke6 36. g4 Kd6 37. h5 g5 38.
e5+ Ke6 39. exf6 gxf4 40. Kxf4 Kxf6 41. Kg3 Ke5 42. g5 hxg5 43. Kg4 Kd4 44. h6
Kc3 45. h7 Kb2 46. h8=Q+ Kxa2 47. Qh3 Ka3 48. Kxg5 a4 49. bxa4+ Kxa4 50. Kf4 b3
51. Qc3 Ka3 52. Ke3 Ka2 53. Qa5+ Kb1 54. Kd2 b2 55. Qa3 c6 56. Kc3 1-0

[Event "International chess holiday M21"]
[Site "Praha"]
[Date "2013.07.25"]
[Round "7"]
[White "Nilsson, Anders"]
[Black "Janáèek, Jaroslav"]
[Result "1-0"]
[ECO "A41"]
[WhiteElo "2192"]
[BlackElo "2042"]
[Annotator "Koller,Martin"]
[PlyCount "81"]
[TimeControl "240+2"]

1. d4 d6 2. Nf3 g6 3. c4 Bg7 4. e4 Bg4 5. Be2 c5 6. d5 Qb6 7. Qc2 Na6
8. a3 Nc7 9. Nc3 Qa6 10. Be3 e6 11. O-O Ne7 12. b4 b6 13. Qb3 O-O 14. h3 Bxf3
15. Bxf3 Rad8 16. Rab1 f5 17. Bg5 Bf6 18. Bxf6 Rxf6 19. bxc5 bxc5 20. Qb7 Rd7
21. dxe6 Rxe6 22. exf5 gxf5 23. Nd5 Qxb7 24. Rxb7 Ncxd5 25. Rxd7 Nb6 26. Rxa7
Kg7 27. Rc1 Kf6 28. a4 Nec8 29. Rc7 Re7 30. Rxe7 Kxe7 31. a5 Nd7 32. Rb1 Kd8
33. Rb7 h6 34. Bd5 f4 35. Be6 Ne5 36. Rh7 Ne7 37. a6 N5c6 38. Rh8+ Kc7 39. Rxh6
Kb6 40. Bd7 Kc7 41. Be8 neèitelné 1-0

[Event "International chess holiday M21"]
[Site "Praha"]
[Date "2013.07.25"]
[Round "8"]
[White "Heissenberger, Andreas"]
[Black "Knoflicek, Ctibor"]
[Result "1/2-1/2"]
[ECO "B99"]
[WhiteElo "2021"]
[BlackElo "2170"]
[Annotator "Koller,Martin"]
[PlyCount "25"]
[TimeControl "240+2"]

1. e4 c5 2. Nf3 d6 3. d4 cxd4 4. Nxd4 Nf6 5. Nc3 a6 6. Bg5 e6 7. f4 Be7
8. Qf3 Qc7 9. O-O-O Nbd7 10. g4 b5 11. Bxf6 Nxf6 12. g5 Nd7 13. Nf5 1/2-1/2

[Event "International chess holiday M21"]
[Site "Praha"]
[Date "2013.07.25"]
[Round "8"]
[White "Dalling, Peter"]
[Black "Michálek, František"]
[Result "1/2-1/2"]
[ECO "B02"]
[WhiteElo "1941"]
[BlackElo "2063"]
[Annotator "Koller,Martin"]
[PlyCount "29"]
[TimeControl "240+2"]

1. e4 Nf6 2. Nc3 d5 3. e5 d4 4. exf6 dxc3 5. fxg7 cxd2+ 6. Qxd2 Qxd2+
7. Bxd2 Bxg7 8. c3 Be6 9. Nf3 Nd7 10. Bf4 O-O-O 11. Be2 Bg4 12. O-O-O Be6 13.
Kb1 Bf5+ 14. Kc1 Be6 15. Kb1 1/2-1/2

[Event "International chess holiday M21"]
[Site "Praha"]
[Date "2013.07.25"]
[Round "8"]
[White "Bílek, Roman"]
[Black "Herejk, Petr"]
[Result "0-1"]
[ECO "B40"]
[WhiteElo "1958"]
[BlackElo "2213"]
[Annotator "Koller,Martin"]
[PlyCount "70"]
[TimeControl "240+2"]

1. e4 c5 2. b3 Nc6 3. Bb2 e6 4. Nf3 Nf6 5. Nc3 Be7 6.
Bb5 O-O 7. O-O Nd4 8. e5 Nxf3+ 9. Qxf3 Ne8 10. Rfe1 f6 11. Bd3 fxe5 12. Qh5 g6
13. Bxg6 hxg6 14. Qxg6+ Ng7 15. Ne4 d6 16. Re3 Qe8 17. Qg3 Rf4 18. Nxc5 Bh4 19.
Qh3 Bxf2+ 20. Kh1 Rh4 21. Qf3 Qh5 22. Qxh5 Rxh5 23. Ne4 Bxe3 24. dxe3 Ne8 25.
Rd1 d5 26. Ng3 Rg5 27. Kg1 Nf6 28. Rf1 Ng4 29. e4 Bd7 30. Bc1 Rg6 31. exd5 exd5
32. h3 Nf6 33. Nf5 Bxf5 34. Rxf5 Re8 35. Bb2 d4 0-1

[Event "International chess holiday M21"]
[Site "Praha"]
[Date "2013.07.25"]
[Round "8"]
[White "Gregor, Jiøí"]
[Black "Janáèek, Jaroslav"]
[Result "1-0"]
[ECO "A21"]
[WhiteElo "2276"]
[BlackElo "2042"]
[Annotator "Koller,Martin"]
[PlyCount "90"]
[TimeControl "240+2"]

1. d4 d6 2. c4 e5 3. Nc3 exd4 4. Qxd4 Nc6 5. Qd2 Nf6 6. b3 a5 7. Bb2 a4
8. Rd1 axb3 9. axb3 g6 10. e4 Bg7 11. g3 O-O 12. Bg2 Nd7 13. Nge2 Nc5 14. Nc1
Nd4 15. b4 Bh3 16. O-O Bxg2 17. Kxg2 Nce6 18. f4 f5 19. Rf2 Qe8 20. exf5 Nxf5
21. Nd5 Ned4 22. Re1 Qf7 23. Bxd4 Bxd4 24. Rfe2 Bg7 25. Re7 Nxe7 26. Rxe7 Qf5
27. Nxc7 Bf6 28. Nd5 Rae8 29. Rxb7 Qe4+ 30. Kh3 Qxc4 31. Rc7 Qf1+ 32. Qg2 Qxg2+
33. Kxg2 Bb2 34. Nd3 Re2+ 35. Kf3 Rxh2 36. b5 Bd4 37. b6 Rh1 38. b7 Rb1 39.
N3b4 Rb3+ 40. Ke4 Ba7 41. Ne7+ Kh8 42. Nec6 Re3+ 43. Kd5 Rf5+ 44. Kxd6 Bc5+ 45.
Kd7 1-0

[Event "International chess holiday M21"]
[Site "Praha"]
[Date "2013.07.25"]
[Round "8"]
[White "Nilsson, Patrik"]
[Black "Nilsson, Anders"]
[Result "1/2-1/2"]
[ECO "C16"]
[WhiteElo "2075"]
[BlackElo "2192"]
[Annotator "Koller,Martin"]
[PlyCount "119"]
[TimeControl "240+2"]

1. e4 e6 2. d4 d5 3. Nc3 Bb4 4. e5 Qd7 5. Qg4 f5 6.
Qh5+ Qf7 7. Qxf7+ Kxf7 8. Bd2 Bxc3 9. Bxc3 b6 10. f4 Ba6 11. Nf3 h6 12. Bxa6
Nxa6 13. O-O-O Ne7 14. h3 Rac8 15. Bd2 c5 16. Be3 c4 17. Bd2 b5 18. Kb1 b4 19.
c3 Rb8 20. Kc2 Nc6 21. Ra1 Rb6 22. Rhb1 Rhb8 23. a3 bxc3 24. bxc3 Rb3 25. Bc1
Na5 26. Nd2 Rxb1 27. Rxb1 Rb6 28. Rxb6 axb6 29. a4 Nc6 30. Nf3 Nc7 31. Ba3 Na7
32. g3 Na6 33. Kb2 g6 34. Bd6 Nc6 35. Kc2 Kg7 36. Kb2 Nd8 37. Kc2 Kf7 38. Kb2
Nb7 39. Ba3 Nc7 40. Ka2 Ne8 41. Bc1 Na5 42. Ka3 Nc6 43. Be3 Nc7 44. Bd2 Ke8 45.
Nh4 Kf7 46. Nf3 b5 47. axb5 Nxb5+ 48. Ka4 Nc7 49. Bc1 Ne8 50. Kb5 Ne7 51. Bd2
Nc8 52. Kc6 Ng7 53. Kb7 Ne7 54. h4 Ng8 55. Kc7 Ke7 56. Be3 Nh5 57. Bf2 Ng7 58.
Be3 Ne8+ 59. Kc8 Ng7 60. Kc7 1/2-1/2°

[Event "International chess holiday M21"]
[Site "Praha"]
[Date "2013.07.28"]
[Round "9"]
[White "Herejk, Petr"]
[Black "Dalling, Peter"]
[Result "1-0"]
[ECO "C50"]
[WhiteElo "2213"]
[BlackElo "1941"]
[Annotator "Koller,Martin"]
[PlyCount "67"]
[TimeControl "240+2"]

1. e4 e5 2. d4 exd4 3. Bc4 Nc6 4. Nf3 Nf6 5. O-O d6 6. Nxd4 Nxd4 7.
Qxd4 Be7 8. Nc3 O-O 9. h3 Be6 10. Bf4 a6 11. a4 Nd7 12. Nd5 Bxd5 13. Bxd5 Bf6
14. Qd2 Rb8 15. c3 Ne5 16. a5 Qe7 17. Be3 c6 18. Bb3 Rbd8 19. Rfe1 Qd7 20. Rad1
Rfe8 21. Bb6 Rc8 22. Qxd6 Qxd6 23. Rxd6 Bd8 24. f4 Bxb6+ 25. axb6 Ng6 26. Rd7
Re7 27. Red1 Rce8 28. e5 Nf8 29. Rxe7 Rxe7 30. Rd8 g6 31. Rc8 Kg7 32. Rc7 Rd7
33. Kh2 h5 34. e6 1-0

[Event "International chess holiday M21"]
[Site "Praha"]
[Date "2013.07.28"]
[Round "9"]
[White "Nilsson, Anders"]
[Black "Bílek, Roman"]
[Result "1/2-1/2"]
[ECO "D03"]
[WhiteElo "2192"]
[BlackElo "1958"]
[Annotator "Koller,Martin"]
[PlyCount "109"]
[TimeControl "240+2"]

1. d4 Nf6 2. Nf3 e6 3. c3 d5 4. Bg5 Be7 5. Nbd2 Nbd7 6. e3 c5 7. Bd3 b6
8. Ne5 Nxe5 9. dxe5 Nd7 10. Bxe7 Qxe7 11. f4 Bb7 12. a4 O-O 13. Qh5 g6 14. Qh3
f6 15. exf6 Nxf6 16. Nf3 d4 17. exd4 Bxf3 18. Qxf3 cxd4 19. O-O dxc3 20. bxc3
Rac8 21. c4 Rc5 22. Qe2 Re8 23. Rfe1 Qd6 24. g3 e5 25. Qc2 exf4 26. Bxg6 Rxe1+
27. Rxe1 fxg3 28. Bf5 Re5 29. Rf1 gxh2+ 30. Kh1 Kh8 31. Qg2 Re8 32. Bh3 Qe5 33.
Qxh2 Qxh2+ 34. Kxh2 Kg7 35. Ra1 Re5 36. Kg3 Ne4+ 37. Kf4 Kf6 38. Bg2 Nc5 39.
Bd5 Rf5+ 40. Ke3 h5 41. Bc6 h4 42. a5 Nb3 43. axb6 Nxa1 44. b7 Nc2+ 45. Kd2
Rf2+ 46. Kc1 Nb4 47. b8=Q Nd3+ 48. Kb1 Rb2+ 49. Qxb2+ Nxb2 50. Kxb2 Ke5 51. Kb3
Kd6 52. Bg2 Kc5 53. Bh3 a5 54. Be6 Kd6 55. Bd5 1/2-1/2

[Event "International chess holiday M21"]
[Site "Praha"]
[Date "2013.07.28"]
[Round "9"]
[White "Janáèek, Jaroslav"]
[Black "Nilsson, Patrik"]
[Result "1-0"]
[ECO "C14"]
[WhiteElo "2042"]
[BlackElo "2075"]
[Annotator "Koller,Martin"]
[PlyCount "65"]
[TimeControl "240+2"]

1. e4 e6 2. d4 d5 3. Nc3 Nf6 4. Bg5 Be7 5. e5 Nfd7 6. h4 c5 7. Bxe7
Qxe7 8. Nb5 O-O 9. Nc7 cxd4 10. Nxa8 f6 11. Qxd4 Nc6 12. exf6 Nxf6 13. Qa4 Qd6
14. O-O-O Bd7 15. Bb5 Rxa8 16. Nf3 Ne4 17. Qxe4 Qc5 18. Qe2 Rc8 19. Bxc6 bxc6
20. Ne5 Be8 21. Rh3 a5 22. Qg4 Qe7 23. Rg3 c5 24. h5 Rb8 25. h6 g6 26. Qg5 Qd6
27. Qf6 Rb7 28. Rb3 Ra7 29. Rf3 d4 30. Nc4 Qe7 31. Qxe7 Rxe7 32. Nxa5 e5 33.
Re1 1-0

[Event "International chess holiday M21"]
[Site "Praha"]
[Date "2013.07.28"]
[Round "9"]
[White "Michálek, František"]
[Black "Heissenberger, Andreas"]
[Result "1/2-1/2"]
[ECO "B90"]
[WhiteElo "2063"]
[BlackElo "2021"]
[Annotator "Koller,Martin"]
[PlyCount "42"]
[TimeControl "240+2"]

1. e4 c5 2. Nf3 d6 3. Nc3 e6 4. d4 cxd4 5. Nxd4 a6 6. a4 Nf6 7. a5 Qc7
8. Be2 Nc6 9. Nb3 Be7 10. O-O O-O 11. Be3 Ne5 12. Bb6 Qb8 13. f4 Ned7 14. Be3
Nc5 15. Nxc5 dxc5 16. e5 Rd8 17. Qe1 Nd5 18. Nxd5 exd5 19. Qg3 Bf5 20. Bd3 Qc8
21. h3 d4 1/2-1/2

[Event "International chess holiday M21"]
[Site "Praha"]
[Date "2013.07.28"]
[Round "9"]
[White "Knoflíèek, Ctibor"]
[Black "Gregor, Jiøí"]
[Result "1-0"]
[ECO "A30"]
[WhiteElo "2170"]
[BlackElo "2276"]
[Annotator "Koller,Martin"]
[PlyCount "99"]
[TimeControl "240+2"]

1. c4 c5 2. Nf3 e6 3. g3 b6 4. Bg2 Bb7 5. O-O Nf6 6. Nc3 a6 7. Re1 d6
8. e4 Nbd7 9. d4 cxd4 10. Nxd4 Qc7 11. Be3 Be7 12. Rc1 O-O 13. f4 Rfe8 14. g4
Nf8 15. g5 N6d7 16. h4 Rac8 17. b3 Qb8 18. f5 Ne5 19. fxe6 fxe6 20. Bh3 Bd8 21.
Qh5 g6 22. Qe2 Rc7 23. Rf1 Bc8 24. Nf3 Nfd7 25. Rcd1 Nxf3+ 26. Qxf3 Ne5 27. Qg3
Rg7 28. Bd4 Bc7 29. a4 Bd7 30. Rf2 Rf8 31. Bxe5 dxe5 32. Rxd7 Rxd7 33. Bxe6+
Rdf7 34. Rxf7 Rxf7 35. Bxf7+ Kxf7 36. Qf3+ Kg8 37. Nd5 Bd6 38. Qf6 Bc5+ 39. Kg2
Qc8 40. Kg3 Qe8 41. Nxb6 Bxb6 42. Qxb6 Qd7 43. Qe3 Qd1 44. Qf3 Qe1+ 45. Kh3 Qc1
46. Kg3 Qg1+ 47. Kh3 Qc1 48. Qd3 Qh1+ 49. Kg3 Qe1+ 50. Kf3 1-0

[Event "International chess holiday K21"]
[Site "Praha"]
[Date "2013.07.21"]
[Round "1"]
[White "Rothman, Peter"]
[Black "Muzikáø, Martin"]
[Result "1-0"]
[ECO "D52"]
[WhiteElo "2173"]
[BlackElo "1869"]
[Annotator "Koller,Martin"]
[PlyCount "74"]
[TimeControl "240+2"]

1. d4 d5 2. c4 e6 3. Nc3 Nf6 4. Bg5 Nbd7 5. Nf3 c6 6. e3 Bd6 7. c5 Bc7
8. e4 dxe4 9. Nxe4 O-O 10. Bc4 Re8 11. O-O b6 12. b4 Bb7 13. Qb3 Qb8 14. Nxf6+
Nxf6 15. Bxf6 gxf6 16. Rfe1 Kh8 17. g3 Rg8 18. Bf1 Qf8 19. Rac1 Qh6 20. Bg2
Rad8 21. Qe3 Qh5 22. Nd2 Rd7 23. b5 Rdd8 24. bxc6 Ba8 25. Nb3 Qg6 26. Red1 Rge8
27. Qe2 f5 28. Qc2 Qf6 29. f4 Rg8 30. Qf2 Qg7 31. Kh1 Qf6 32. cxb6 Bxb6 33. Nc5
Bxc5 34. Rxc5 Rc8 35. Qe3 Rc7 36. Qe5 Qxe5 37. dxe5 Rgc8 1-0

[Event "International chess holiday K21"]
[Site "Praha"]
[Date "2013.07.21"]
[Round "1"]
[White "Rüll, Michael"]
[Black "Schoenmakers, Nico"]
[Result "1/2-1/2"]
[ECO "B30"]
[WhiteElo "1829"]
[BlackElo "1916"]
[Annotator "Koller,Martin"]
[PlyCount "78"]
[TimeControl "240+2"]

1. e4 c5 2. Nf3 d6 3. g3 e6 4. d3 Be7 5. Bg2 Nc6 6. O-O Nf6 7. a4 O-O
8. Na3 a6 9. Nc4 a5 10. Nh4 Ne8 11. Qg4 Nf6 12. Qd1 Ne8 13. Nf3 Nf6 14. Bf4 e5
15. Bd2 Ne8 16. Ne3 Nd4 17. c3 Nxf3+ 18. Qxf3 Bg5 19. Qe2 Bh6 20. f4 exf4 21.
gxf4 f5 22. Nxf5 Bxf5 23. exf5 Nf6 24. Bxb7 Rb8 25. Qg2 d5 26. Bc6 Rxb2 27.
Rab1 Rxb1 28. Rxb1 Qd6 29. Rb6 Kh8 30. c4 dxc4 31. dxc4 Qd4+ 32. Kh1 Qxc4 33.
Bxa5 Qxf4 34. Rb7 Qd6 35. Bc3 Qd1+ 36. Qg1 Qd6 37. Qg2 Qd1+ 38. Qg1 Qd6 39. Qg2
Qd1+ 1/2-1/2